 Seeded DCSS version 0.30.1-4-g462c640d31 (webtiles) character file.

Game seed: 17820298306382725646 (custom seed)

59 kingsuperguy the Chopper (level 3, -4/36 HPs)
             Began as a Troll Monk on Sept 1, 2023.
             Slain by an iguana (12 damage)
             ... on level 3 of the Dungeon.
             The game lasted 00:01:37 (1357 turns).

kingsuperguy the Chopper (Troll Monk)               Turns: 1357, Time: 00:01:38

Health: -4/36      AC:  4    Str: 21    XL:     3   Next: 78%
Magic:  2/2        EV: 10    Int:  6    God:
Gold:   138        SH:  0    Dex: 12    Spells: 2/2 levels left

rFire   . . .        a - +0 hand axe
rCold   . . .        d - orb {light}
rNeg    . . .        b - +0 robe
rPois   .            (helmet restricted)
rElec   .            (no cloak)
rCorr   .            (gloves unavailable)
SInv    .            (boots unavailable)
Will    .....        (no amulet)
Stlth   +            (no ring)
HPRegen 1.06/turn    (no ring)
MPRegen 0.08/turn

%: no passive effects
@: glowing
A: large, unfitting armour, claws 3, regeneration 1, shaggy fur 1, tough skin 1
a: no special abilities


You were on level 3 of the Dungeon.
You visited 1 branch of the dungeon, and saw 3 of its levels.

You collected 138 gold pieces.

Inventory:

Hand Weapons
 a - a +0 hand axe (weapon)
Armour
 b - a +0 robe (worn)
 d - an orb of light (worn)
 l - a +0 leather armour
 o - a +0 plate armour
Jewellery
 f - a +6 ring of strength
Scrolls
 g - 4 scrolls of identify {unknown}
 i - a scroll of poison {unknown}
 k - 3 scrolls of teleportation {unknown}
 m - a scroll of enchant weapon {unknown}
 q - a scroll of enchant armour {unknown}
Potions
 c - a potion of ambrosia
 e - 2 potions of might {unknown}
 h - a potion of magic {unknown}
 j - 2 potions of attraction {unknown}
 n - a potion of curing {unknown}
 p - a potion of heal wounds {unknown}


   Skills:
 + Level 2.9 Fighting
 + Level 3.2 Axes
 + Level 2.8 Dodging


You had 2 spell levels left.
You didn't know any spells.
Your spell library contained the following spells:

 Spells                   Type           Power      Damage    Failure   Level
 Lesser Beckoning         Tloc           0%         N/A       58%         2
 Poisonous Vapours        Pois/Air       0%         N/A       58%         2
 Gell's Gravitas          Tloc           0%         N/A       83%         3
 Mephitic Cloud           Conj/Pois/Air  0%         N/A       83%         3
 Teleport Other           Tloc           0%         N/A       83%         3
 Freezing Cloud           Conj/Ice/Air   0%         6-21      100%        5


Dungeon Overview and Level Annotations

Branches:
Dungeon (3/15)

Altars:


Innate Abilities, Weirdness & Mutations

You are too large for most types of armour.
You have claws for hands.
Your natural rate of healing is unusually fast.
You are covered in fur. (AC +1)
You have tough skin. (AC +1)


Message History

The iguana bites you but does no damage.
An iguana is nearby!
You hit the iguana.
The iguana is heavily wounded.
The iguana barely misses you.
An iguana is nearby!
You hit the iguana but do no damage.
The iguana is heavily wounded.
The iguana bites you!
You are too injured to fight recklessly!
You are too injured to fight recklessly!
You are too injured to fight recklessly!
You are too injured to fight recklessly!
You are too injured to fight recklessly!
You are too injured to fight recklessly!
You are too injured to fight recklessly!
You hit the iguana.
The iguana is severely wounded.
The iguana barely misses you.
You hit the iguana.
The iguana is almost dead.
The iguana closely misses you.
You completely miss the iguana.
The iguana is almost dead.
The iguana barely misses you.
You hit the iguana but do no damage.
The iguana is almost dead.
The iguana bites you. The iguana closely misses you.
You completely miss the iguana.
The iguana is almost dead.
The iguana bites you!
* * * LOW HITPOINT WARNING * * *
You hit the iguana but do no damage.
The iguana is almost dead.
The iguana bites you.
* * * LOW HITPOINT WARNING * * *
You barely miss the iguana.
The iguana is almost dead.
The iguana bites you!
You die...

#. ...#
#.#####
#.....# #.#
#.# #.# #.#
#.# #.#
######.#
#@.....#
......l.######
#########


You could see an iguana.

Vanquished Creatures
  2 adders (D:3)
  A worm (D:2)
  2 endoplasms (D:1)
  3 giant cockroaches
  3 goblins
  5 hobgoblins
  4 quokkas
  2 ball pythons (D:1)
  4 bats
  3 frilled lizards (D:1)
  6 kobolds
  3 rats (D:1)
38 creatures vanquished.

Notes
Turn   | Place    | Note
-------+----------+-------------------------------------------
     0 | D:1      | kingsuperguy the Troll Monk began the quest for the Orb.
     0 | D:1      | Reached XP level 1. HP: 22/22 MP: 0/0
   106 | D:1      | Reached XP level 2. HP: 29/29 MP: 1/1
   776 | D:2      | Reached XP level 3. HP: 36/36 MP: 2/2
  1064 | D:2      | Reached skill level 3 in Axes
  1357 | D:3      | Slain by an iguana

Illustrated notes

Levels and vault maps discovered:
D:1:      dpeg_arrival_round_c, layout_basic
D:2:      layout_rooms
D:3:      layout_loops_cross, grunt_temple_overflow_cloverleaf

Skill      XL: |  1  2  3 |
---------------+----------+-----
Axes           | 3 |  3.2
Fighting       | |  2.9
Dodging        | |  2.8

Action                     || total
---------------------------++-------
  Melee: Hand axe          ||   123
 Armour: Robe              ||    32
  Dodge: Dodged            ||    62
